Map: [ESL] Data-C

Players

Cham - Winner!

  • Race: Zerg Zerg
  • Spawn Location: 3:00

JimRising

  • Race: Zerg Zerg
  • Spawn Location: 9:00

Event: DreamHack SC2 Masters 2022 Atlanta (Online)

VOD

Have the link to the VOD?

Description

Time

  • Played on: Sept. 28, 2022, 5:12 p.m.
  • Length: 6:09

All games in this series

Show
View Real Time Build Order
Export as new Build Order

Cham Zerg - Winner!

Build Orders: Hatch First 

Get SALT Encoding   

  12  0:00  Drone  
  13  0:08  Drone  
  14  0:16  Overlord  
  14  0:35  Drone x2  
  16  0:48  Hatchery  
  15  0:52  Drone  
  15  0:56  Drone  
  17  1:09  Spawning Pool  
  16  1:13  Drone  
  16  1:16  Extractor  
  16  1:17  Drone  
  17  1:21  Drone  
  18  1:28  Drone  
  19  1:40  Drone  
  20  1:51  Drone  
  21  1:59  Queen  
  21  2:00  Queen  
  25  2:02  Drone  
  25  2:03  Overlord  
  26  2:11  Drone  
  26  2:12  Drone  
  28  2:21  Metabolic Boost  
  28  2:23  Drone x2  
  30  2:35  Hatchery  
  29  2:43  Baneling Nest  
  28  2:47  Queen  
  30  2:52  Overlord  
  30  2:55  Zergling x2  
  31  3:00  Zergling x4  
  31  3:01  Drone  
  34  3:09  Drone  
  34  3:10  Drone x2  
  34  3:12  Drone  
  38  3:16  Drone x2  
  38  3:19  Zergling x2  
  41  3:21  Zergling x2  
  42  3:28  Drone x2  
  42  3:33  Overlord, Evolution Chamber  
  43  3:38  Drone  
  44  3:43  Overlord  
  44  3:48  Drone x3  
  45  3:49  Drone x2  
  45  3:51  Drone  
  45  3:54  Drone x2  
  52  4:03  Drone  
  52  4:04  Roach Warren  
  52  4:05  Overlord  
  52  4:11  Overlord  
  52  4:16  Zergling x10  
  57  4:22  Zergling x6, Baneling x3  
  60  4:33  Baneling x2  
  60  4:34  Zergling x12  
  66  4:40  Overlord  
  66  4:42  Overlord, Extractor  
  66  4:43  Extractor  
  66  4:44  Zergling x2  
  66  4:45  Zergling x4  
  67  4:49  Drone x2  
  69  5:06  Roach  
  74  5:07  Roach x3  
  74  5:14  Roach x7  
  77  5:15  Roach  
  77  5:19  Roach  
  87  5:26  Roach x2  
  89  5:34  Drone, Roach  
  89  5:35  Drone, Overlord x2  
  89  5:36  Drone  
  89  5:40  Drone x3  
  89  5:41  Drone x2  
  94  5:43  Drone  
  94  5:44  Drone  
  94  5:49  Drone  
  97  5:53  Drone x3  
  99  6:03  Extractor  
Show
View Real Time Build Order
Export as new Build Order

JimRising Zerg 

Build Orders: Hatch First 

Get SALT Encoding   

  12  0:00  Drone  
  13  0:12  Overlord  
  13  0:17  Drone  
  14  0:30  Drone x2  
  16  0:49  Hatchery  
  15  0:52  Drone  
  15  0:56  Drone  
  17  0:59  Drone  
  18  1:04  Extractor  
  17  1:17  Spawning Pool  
  16  1:18  Drone  
  16  1:21  Drone  
  18  1:28  Drone  
  19  1:39  Drone  
  20  1:49  Drone  
  21  1:59  Drone  
  21  2:01  Drone  
  23  2:04  Queen  
  23  2:05  Queen  
  23  2:08  Metabolic Boost  
  27  2:13  Overlord  
  27  2:16  Drone  
  28  2:33  Hatchery  
  28  2:36  Drone  
  28  2:38  Drone  
  28  2:41  Drone  
  30  2:44  Drone  
  30  2:48  Overlord  
  31  2:51  Drone  
  32  2:58  Zergling x4  
  32  3:03  Queen  
  36  3:07  Overlord  
  36  3:16  Drone x4  
  40  3:22  Overlord  
  40  3:23  Drone  
  40  3:24  Drone  
  43  3:27  Drone  
  43  3:30  Drone  
  44  3:34  Drone  
  44  3:36  Drone, Evolution Chamber  
  45  3:42  Drone  
  45  3:44  Zergling x6  
  48  3:50  Drone x3  
  51  3:56  Roach Warren  
  51  3:57  Zergling x4  
  51  4:02  Zerg Missile Weapons Level 1  
  52  4:03  Drone  
  52  4:06  Drone x2  
  52  4:07  Drone  
  56  4:15  Drone  
  57  4:19  Drone x7  
  57  4:22  Overlord  
  64  4:28  Overlord x2  
  64  4:37  Drone x2, Extractor  
  64  4:38  Lair  
  65  4:39  Extractor  
  65  4:41  Drone  
  65  4:43  Drone x3, Extractor  
  65  4:45  Drone x2  
  69  4:46  Drone  
  69  4:48  Zergling x2  
  69  4:49  Zergling x2  
  69  4:52  Roach x3  
  77  4:54  Zergling x4  
  77  4:57  Roach  
  80  5:05  Roach  
  80  5:06  Roach x3  
  76  5:09  Roach  
  64  5:23  Drone x2  
  64  5:24  Drone x3  
  64  5:25  Zergling x8  
  65  5:41  Zergling x6  
  66  5:47  Drone  
  67  5:55  Drone  
Tags
 
Add a new tag
Caveats
  • Supply blocks, unpowered buildings, or Contaminate may cause inaccurate times.
  • Supply counts are checked every 10 seconds.